[ AOE2 MATCH · #504589995 ]
UnrankedArmenians vs Incas
Player's team · LOSS
Rival team · WIN
[ REPLAY ANALYSIS · EXTRACTED FROM THE RECORDED GAME ]
Feudal
11:45
Castle
23:43
Imperial
41:09
| APM avg | 50.0 |
| APM peak | 75 |
| eAPM avg | 20.6 |
| Villagers / military | 132 / 109 |
Focus
⚔️ 37.5% · 🌾 62.5%
Archer ×74 · Composite Bowman ×18 · Mangonel ×5 · Militia ×3 · Warrior Priest ×3 · Scout Cavalry ×2
Feudal
9:50
Castle
21:28
Imperial
38:49
| APM avg | 106.8 |
| APM peak | 206 |
| eAPM avg | 59.5 |
| Villagers / military | 169 / 100 |
Focus
⚔️ 73.2% · 🌾 26.8%
Archer ×75 · Unknown (2550) ×70 · Skirmisher ×15 · Trebuchet (Packed) ×5 · Mangonel ×2 · Spearman ×2
Match map
Initial resources + every placement click. Lines = walls · curves = elevation contours. ◆ gold · ⬟ stone · ● berries · ✦ relic · ◌ wall gap
Your base· Open — 3t gap
[VL] Lil Franco's base· ✓ Closed at 21:28 · 59t walls · 2 gate(s)
Smoothed initial terrain · ◌ = detected wall gap · hover for details
Inputs per minute
— NachoMontes - - [VL] Lil Franco
Build order — NachoMontes
First 150 of 377 actions detected
| 0:00 | Create | Villager (Male) |
| 0:03 | Build | House |
| 0:04 | Build | House |
| 0:09 | Create | Villager (Male) |
| 0:12 | Create | Villager (Male) |
| 0:15 | Create | Villager (Male) |
| 1:29 | Create | Villager (Male) |
| 1:53 | Build | Mule Cart |
| 1:59 | Create | Villager (Male) |
| 2:14 | Create | Villager (Male) |
| 2:45 | Create | Villager (Male) |
| 3:16 | Create | Villager (Male) |
| 3:36 | Create | Villager (Male) |
| 3:52 | Build | House |
| 4:07 | Create | Villager (Male) |
| 4:10 | Build | Barracks |
| 4:24 | Create | Villager (Male) |
| 4:34 | Build | House |
| 4:49 | Create | Villager (Male) |
| 5:22 | Create | Militia |
| 5:22 | Create | Militia |
| 5:40 | Create | Villager (Male) |
| 5:40 | Create | Villager (Male) |
| 5:56 | Create | Villager (Male) |
| 6:17 | Build | House |
| 6:23 | Create | Villager (Male) |
| 6:34 | Create | Militia |
| 6:44 | Build | House |
| 6:54 | Create | Villager (Male) |
| 7:15 | Create | Villager (Male) |
| 7:32 | Build | Mill |
| 7:38 | Create | Villager (Male) |
| 7:51 | Build | Mule Cart |
| 7:56 | Research | Loom |
| 8:26 | Create | Villager (Male) |
| 9:05 | Create | Villager (Male) |
| 9:35 | Research | Feudal Age |
| 9:42 | Build | House |
| 10:47 | Build | Palisade Wall |
| 10:53 | Create | Spearman |
| 11:10 | Build | Mule Cart |
| 11:20 | Create | Villager (Male) |
| 11:45 | Age | Feudal Age |
| 11:46 | Build | Archery Range |
| 11:48 | Build | Archery Range |
| 12:01 | Research | Double-Bit Axe |
| 12:02 | Create | Villager (Male) |
| 12:02 | Create | Villager (Male) |
| 12:21 | Build | House |
| 12:25 | Build | House |
| 12:26 | Create | Villager (Male) |
| 12:38 | Create | Villager (Male) |
| 12:42 | Build | Blacksmith |
| 12:42 | Create | Villager (Male) |
| 12:48 | Create | Archer |
| 13:00 | Create | Archer |
| 13:01 | Create | Villager (Male) |
| 13:10 | Build | Palisade Wall |
| 13:13 | Create | Archer |
| 13:19 | Create | Villager (Male) |
| 13:31 | Build | House |
| 13:32 | Build | Palisade Wall |
| 13:39 | Create | Archer |
| 13:47 | Create | Archer |
| 14:02 | Research | Fletching |
| 14:03 | Create | Villager (Male) |
| 14:32 | Create | Archer |
| 14:34 | Build | House |
| 14:35 | Build | House |
| 14:36 | Create | Villager (Male) |
| 14:44 | Build | Farm |
| 14:45 | Build | Farm |
| 14:46 | Build | Farm |
| 14:47 | Research | Horse Collar |
| 14:48 | Create | Villager (Male) |
| 14:49 | Build | Farm |
| 14:56 | Build | Farm |
| 15:01 | Create | Archer |
| 15:11 | Create | Villager (Male) |
| 15:27 | Build | House |
| 15:35 | Build | Palisade Wall |
| 15:42 | Create | Villager (Male) |
| 15:56 | Build | Stable |
| 15:58 | Create | Archer |
| 15:58 | Create | Archer |
| 16:00 | Create | Villager (Male) |
| 16:17 | Build | Farm |
| 16:18 | Create | Villager (Male) |
| 16:34 | Create | Villager (Male) |
| 16:35 | Build | Farm |
| 16:52 | Create | Scout Cavalry |
| 16:56 | Create | Villager (Male) |
| 17:00 | Create | Archer |
| 17:02 | Build | Farm |
| 17:03 | Create | Archer |
| 17:07 | Create | Archer |
| 17:08 | Create | Villager (Male) |
| 17:11 | Build | Farm |
| 17:22 | Create | Scout Cavalry |
| 17:29 | Build | Farm |
| 17:33 | Build | Farm |
| 17:38 | Create | Archer |
| 17:47 | Create | Archer |
| 17:47 | Create | Archer |
| 17:49 | Build | House |
| 17:53 | Build | House |
| 18:08 | Create | Villager (Male) |
| 18:09 | Create | Villager (Male) |
| 18:10 | Build | Farm |
| 18:12 | Build | Farm |
| 18:13 | Build | Farm |
| 18:14 | Create | Villager (Male) |
| 18:36 | Build | Farm |
| 18:43 | Build | Palisade Wall |
| 18:52 | Create | Villager (Male) |
| 18:52 | Create | Villager (Male) |
| 19:16 | Build | Palisade Wall |
| 19:17 | Build | Farm |
| 19:25 | Build | Palisade Gate |
| 19:28 | Build | Palisade Wall |
| 19:33 | Build | Farm |
| 19:35 | Research | Wheelbarrow |
| 19:38 | Create | Villager (Male) |
| 19:39 | Create | Villager (Male) |
| 19:42 | Build | Market |
| 19:51 | Create | Archer |
| 19:51 | Create | Archer |
| 20:11 | Build | Farm |
| 21:02 | Research | Castle Age |
| 21:09 | Create | Archer |
| 21:09 | Create | Archer |
| 21:24 | Create | Archer |
| 21:24 | Create | Archer |
| 21:25 | Create | Villager (Male) |
| 21:35 | Create | Villager (Male) |
| 21:53 | Create | Villager (Male) |
| 21:53 | Create | Villager (Male) |
| 22:20 | Create | Villager (Male) |
| 22:33 | Create | Villager (Male) |
| 22:34 | Build | House |
| 22:41 | Build | House |
| 22:43 | Build | Farm |
| 22:47 | Build | House |
| 22:50 | Build | Palisade Wall |
| 23:12 | Create | Villager (Male) |
| 23:16 | Build | Mule Cart |
| 23:18 | Create | Villager (Male) |
| 23:43 | Age | Castle Age |
| 23:45 | Research | Bow Saw |
| 23:46 | Research | Bodkin Arrow |
Build order — [VL] Lil Franco
First 150 of 514 actions detected
| 0:01 | Create | Villager (Male) |
| 0:01 | Create | Villager (Male) |
| 0:02 | Build | House |
| 0:03 | Build | House |
| 0:08 | Create | Villager (Male) |
| 0:09 | Create | Villager (Male) |
| 0:09 | Create | Villager (Male) |
| 1:25 | Create | Villager (Male) |
| 1:25 | Create | Villager (Male) |
| 1:58 | Create | Villager (Male) |
| 2:13 | Create | Villager (Male) |
| 2:17 | Build | Settlement |
| 2:51 | Create | Villager (Male) |
| 2:52 | Create | Villager (Male) |
| 2:54 | Build | House |
| 3:10 | Create | Villager (Male) |
| 3:32 | Create | Villager (Male) |
| 3:57 | Create | Villager (Male) |
| 4:00 | Create | Villager (Male) |
| 4:15 | Create | Villager (Male) |
| 4:28 | Create | Villager (Male) |
| 4:49 | Create | Villager (Male) |
| 4:51 | Research | Loom |
| 5:36 | Create | Villager (Male) |
| 5:37 | Research | Loom |
| 6:05 | Build | Barracks |
| 7:12 | Create | Villager (Male) |
| 7:18 | Build | Settlement |
| 7:40 | Research | Feudal Age |
| 7:40 | Research | Feudal Age |
| 8:43 | Create | Villager (Male) |
| 9:25 | Build | Palisade Wall |
| 9:26 | Build | Palisade Wall |
| 9:30 | Build | Palisade Wall |
| 9:33 | Build | Palisade Wall |
| 9:50 | Age | Feudal Age |
| 9:53 | Build | Archery Range |
| 9:54 | Build | Settlement |
| 10:19 | Create | Villager (Male) |
| 10:41 | Create | Villager (Male) |
| 10:45 | Create | Villager (Male) |
| 10:52 | Create | Archer |
| 11:01 | Create | Villager (Male) |
| 11:03 | Research | Double-Bit Axe |
| 11:17 | Create | Spearman |
| 11:25 | Create | Villager (Male) |
| 11:31 | Create | Villager (Male) |
| 11:33 | Build | Farm |
| 11:38 | Research | Horse Collar |
| 11:38 | Research | Horse Collar |
| 11:39 | Create | Villager (Male) |
| 11:46 | Build | Farm |
| 11:47 | Build | Farm |
| 11:48 | Create | Villager (Male) |
| 11:49 | Create | Villager (Male) |
| 11:49 | Create | Villager (Male) |
| 12:10 | Create | Villager (Male) |
| 12:11 | Build | Farm |
| 12:15 | Build | House |
| 12:16 | Build | Palisade Wall |
| 12:21 | Create | Skirmisher |
| 12:26 | Create | Villager (Male) |
| 12:31 | Build | House |
| 12:32 | Build | Palisade Wall |
| 12:42 | Create | Skirmisher |
| 12:47 | Build | Farm |
| 12:58 | Create | Skirmisher |
| 13:00 | Create | Villager (Male) |
| 13:12 | Create | Villager (Male) |
| 13:23 | Create | Skirmisher |
| 13:34 | Build | House |
| 13:36 | Build | Palisade Wall |
| 13:42 | Create | Skirmisher |
| 14:01 | Build | Palisade Wall |
| 14:05 | Create | Villager (Male) |
| 14:17 | Build | Blacksmith |
| 14:18 | Create | Villager (Male) |
| 14:26 | Create | Villager (Male) |
| 14:32 | Create | Skirmisher |
| 14:37 | Build | Palisade Wall |
| 14:44 | Build | Palisade Wall |
| 14:47 | Build | Palisade Wall |
| 14:50 | Build | Palisade Wall |
| 14:52 | Create | Villager (Male) |
| 14:57 | Create | Skirmisher |
| 15:04 | Build | Farm |
| 15:16 | Create | Villager (Male) |
| 15:22 | Build | Farm |
| 15:26 | Create | Skirmisher |
| 15:34 | Create | Spearman |
| 15:39 | Build | Palisade Wall |
| 16:03 | Build | Farm |
| 16:04 | Build | Farm |
| 16:11 | Create | Skirmisher |
| 16:18 | Build | House |
| 16:22 | Create | Skirmisher |
| 16:50 | Create | Skirmisher |
| 16:51 | Create | Archer |
| 16:53 | Build | Farm |
| 17:03 | Build | House |
| 17:06 | Create | Villager (Male) |
| 17:12 | Build | Farm |
| 17:17 | Create | Skirmisher |
| 17:21 | Create | Archer |
| 17:26 | Create | Villager (Male) |
| 17:29 | Build | Farm |
| 17:34 | Create | Archer |
| 17:45 | Build | Palisade Wall |
| 17:48 | Create | Villager (Male) |
| 18:13 | Build | Farm |
| 18:13 | Create | Villager (Male) |
| 18:29 | Build | Farm |
| 18:40 | Build | Archery Range |
| 18:48 | Research | Castle Age |
| 18:48 | Research | Castle Age |
| 18:53 | Create | Skirmisher |
| 19:19 | Research | Fletching |
| 19:20 | Create | Archer |
| 19:33 | Build | Palisade Gate |
| 19:40 | Research | Gold Mining |
| 19:40 | Research | Gold Mining |
| 19:56 | Research | Padded Archer Armor |
| 20:07 | Build | Market |
| 20:13 | Create | Archer |
| 20:23 | Create | Archer |
| 20:23 | Create | Archer |
| 20:43 | Build | Settlement |
| 20:45 | Create | Archer |
| 20:46 | Create | Archer |
| 21:09 | Build | Gate |
| 21:15 | Create | Archer |
| 21:16 | Create | Archer |
| 21:28 | Age | Castle Age |
| 21:33 | Research | Crossbowman (upgrade) |
| 21:33 | Research | Crossbowman (upgrade) |
| 21:37 | Research | Bodkin Arrow |
| 21:37 | Research | Bodkin Arrow |
| 21:37 | Research | Bodkin Arrow |
| 21:42 | Build | House |
| 21:47 | Create | Villager (Male) |
| 21:49 | Create | Villager (Male) |
| 22:04 | Create | Archer |
| 22:09 | Create | Villager (Male) |
| 22:21 | Create | Archer |
| 22:27 | Build | Settlement |
| 22:53 | Create | Villager (Male) |
| 23:12 | Build | Barracks |
| 23:14 | Build | Settlement |
| 23:22 | Create | Villager (Male) |
| 23:22 | Create | Villager (Male) |
Match timeline
| 4:10 | NachoMontes · first_building Barracks |
| 6:05 | [VL] Lil Franco · first_building Barracks |
| 9:25 | [VL] Lil Franco · wall_segment Palisade Wall x1 |
| 9:26 | [VL] Lil Franco · wall_segment Palisade Wall x1 |
| 9:30 | [VL] Lil Franco · wall_segment Palisade Wall x1 |
| 9:33 | [VL] Lil Franco · wall_segment Palisade Wall x1 |
| 9:50 | [VL] Lil Franco · age_up feudal |
| 9:53 | [VL] Lil Franco · first_building Archery Range |
| 10:47 | NachoMontes · wall_segment Palisade Wall x1 |
| 11:45 | NachoMontes · age_up feudal |
| 11:46 | NachoMontes · first_building Archery Range |
| 12:16 | [VL] Lil Franco · wall_segment Palisade Wall x6 |
| 12:32 | [VL] Lil Franco · wall_segment Palisade Wall x7 |
| 13:10 | NachoMontes · wall_segment Palisade Wall x5 |
| 13:32 | NachoMontes · wall_segment Palisade Wall x1 |
| 13:36 | [VL] Lil Franco · wall_segment Palisade Wall x7 |
| 14:01 | [VL] Lil Franco · wall_segment Palisade Wall x11 |
| 14:37 | [VL] Lil Franco · wall_segment Palisade Wall x7 |
| 14:44 | [VL] Lil Franco · wall_segment Palisade Wall x1 |
| 14:47 | [VL] Lil Franco · wall_segment Palisade Wall x5 |
| 14:50 | [VL] Lil Franco · wall_segment Palisade Wall x9 |
| 15:35 | NachoMontes · wall_segment Palisade Wall x7 |
| 15:39 | [VL] Lil Franco · wall_segment Palisade Wall x10 |
| 15:56 | NachoMontes · first_building Stable |
| 17:45 | [VL] Lil Franco · wall_segment Palisade Wall x1 |
| 18:43 | NachoMontes · wall_segment Palisade Wall x8 |
| 19:16 | NachoMontes · wall_segment Palisade Wall x1 |
| 19:28 | NachoMontes · wall_segment Palisade Wall x8 |
| 20:34 | NachoMontes · first_market_buy 100 food |
| 21:28 | [VL] Lil Franco · age_up castle |
| 22:50 | NachoMontes · wall_segment Palisade Wall x1 |
| 23:43 | NachoMontes · age_up castle |
| 24:52 | NachoMontes · first_building Monastery |
| 25:10 | [VL] Lil Franco · first_market_sell 100 wood |
| 27:41 | [VL] Lil Franco · first_market_buy 100 stone |
| 28:22 | NachoMontes · first_market_sell 100 wood |
| 31:18 | NachoMontes · first_building Siege Workshop |
| 33:03 | [VL] Lil Franco · first_building Siege Workshop |
| 35:37 | [VL] Lil Franco · first_building Monastery |
| 36:05 | NachoMontes · first_building Castle |
| 36:39 | [VL] Lil Franco · first_building Castle |
| 38:49 | [VL] Lil Franco · age_up imperial |
| 41:09 | NachoMontes · age_up imperial |
| 44:28 | NachoMontes · resign |
[ AI ANALYSIS · 1 CREDIT ]
What really happened in this match?
Wolo.gg analyzes every decision: build order, eco, micro, common mistakes by bracket. Personalized analysis on WhatsApp or Discord in 30 seconds.
Civ guide
Armenians
Perfil
NachoMontes